 Dungeon Crawl Stone Soup version 0.29-a0-823-gc37b1572da (webtiles) character file.

Game seed: 9082299021868965890

930 buhh the Insei (level 8, 0/82 HPs)
             Began as an Octopode Transmuter on July 9, 2022.
             Slain by an ice beast (11 damage)
             ... on level 5 of the Dungeon.
             The game lasted 00:08:29 (5681 turns).

buhh the Insei (Octopode Transmuter)                Turns: 5681, Time: 00:08:30

Health: 0/82       AC: 24    Str: 10    XL:     8   Next: 11%
Magic:  27/29      EV:  2    Int: 17    God:
Gold:   160        SH:  0    Dex: 12    Spells: 5/11 levels left

rFire   . . .      SeeInvis .     - Unarmed
rCold   . . .      Faith    .   (no shield)
rNeg    . . .      Spirit   .   (helmet currently unavailable)
rPois   +          Reflect  .   q - amulet of regeneration
rElec   .          Harm     .   j - ring of magical power
rCorr   .          Rampage  .   n - ring of magical power
Will    .....      NoTele   +   (no ring)
Stlth   ++........              (no ring)
HPRegen 1.03/turn               (no ring)
MPRegen 0.21/turn               (no ring)
                                (no ring)
                                (no ring)

@: tree-form, very slightly contaminated
A: stationary, stasis, torment immunity, boosted hp, almost no armour,
(amphibious), 8 rings, (camouflage 1), (gelatinous body 1), (nimble swimmer 1),
(tentacles)
a: no special abilities


You were on level 5 of the Dungeon.
You were a tree.
You visited 2 branches of the dungeon, and saw 6 of its levels.

You collected 160 gold pieces.

Inventory:

Missiles
 l - 7 poisoned darts
 u - a curare-tipped dart
Magical Staves
 o - a staff of poison
Jewellery
 e - an amulet of magic regeneration
 j - a ring of magical power (left branch)
 n - a ring of magical power (right branch)
 q - an amulet of regeneration (around neck)
Scrolls
 a - a scroll of magic mapping {unknown}
 b - 3 scrolls of identify {!d}
 d - 2 scrolls of vulnerability
 g - 2 scrolls of noise {unknown}
 i - 3 scrolls of enchant weapon {unknown}
 k - a scroll of amnesia {unknown}
 m - a scroll of teleportation {!d}
 r - a scroll of poison {unknown}
Potions
 c - a potion of haste {unknown}
 f - 2 potions of degeneration {unknown}
 h - 2 potions of curing {!q!d}
 p - a potion of flight {unknown}
 s - a potion of heal wounds {unknown}


   Skills:
 + Level 5.0 Fighting
 + Level 5.3 Dodging
 - Level 2.0 Stealth
 + Level 5.8 Unarmed Combat
 - Level 2.0 Spellcasting
 - Level 2.0 Transmutations
 - Level 2.0 Poison Magic


You had 5 spell levels left.
You knew the following spells:

 Your Spells              Type           Power      Damage    Failure   Level
a - Beastly Appendage     Tmut           16%        N/A       9%          1
b - Wereblood             Tmut           8%         N/A       13%         2
c - Spider Form           Tmut/Pois      8%         N/A       26%         3

Your spell library contained the following spells:

 Spells                   Type           Power      Damage    Failure   Level
 Olgreb's Toxic Radiance  Pois           8%         N/A       63%         4
 Ice Form                 Ice/Tmut       5%         N/A       77%         4
 Hailstorm                Conj/Ice       1%         3d3       88%         4
 Simulacrum               Ice/Necr       0%         N/A       100%        6
 Ozocubu's Refrigeration  Ice            0%         4d5       100%        7
 Ignition                 Fire           0%         3d3       100%        8


Dungeon Overview and Level Annotations

Branches:
Dungeon (5/15) Zot: 24404  Temple (1/1) D:4 Zot: 5915

Altars:
Ashenzari
Dithmenos
Elyvilon
Fedhas
Makhleb
Nemelex Xobeh
Okawaru
Qazlal
Sif Muna
Trog
Uskayaw
Vehumet
Wu Jian
Xom
Yredelemnul
Zin
The Shining One

Shops:
D:1 (

Annotations:
D:3 exclusion: downstairs
D:4 exclusion: jelly


Innate Abilities, Weirdness & Mutations

You are a tree.
Your roots penetrate the ground, keeping you stationary.
You cannot be teleported.
You are immune to unholy pain and torment.
Your maximum health is greatly increased.
You cannot wear most types of armour.
((You are amphibious.))
You can wear up to eight rings at the same time.
((Your skin changes colour to match your surroundings (Stealth+).))
((Your rubbery body absorbs attacks. (AC +1, EV +1)))
((You are camouflaged when in or above water. (Stealth+)))
((You have tentacles for arms and can constrict up to eight enemies at once.))


Message History

You hit the ice beast.
The ice beast is severely wounded.
You hit the ice beast.
The ice beast is almost dead.
Something hits you but does no damage.
The orc wizard hits you but does no damage.
The ice beast hits you. The ice beast freezes you!
You hit the ice beast.
The ice beast is almost dead.
The orc wizard points at you and mumbles some strange words.
The puff of flame hits you!
* * * LOW HITPOINT WARNING * * *
Something hits you but does no damage.
The ice beast hits you but does no damage.
The orc priest invokes the aid of Beogh against you.
Beogh smites you!
* * * LOW HITPOINT WARNING * * *
You hit the ice beast.
The ice beast is almost dead.
The orc wizard gestures at you while chanting.
The puff of flame hits you but does no damage.
Something hits you but does no damage. The ice beast completely misses you.
You barely miss the ice beast.
The ice beast is almost dead.
The orc wizard hits you but does no damage.
Something hits you but does no damage.
The ice beast hits you but does no damage.
It was a potion of curing.
You feel better. Something hits you but does no damage. The ice beast hits you.
* * * LOW HITPOINT WARNING * * *
The ice beast freezes you!
* * * LOW HITPOINT WARNING * * *
The orc wizard hits you but does no damage.
Really quaff
h - 3 potions of curing {!q!d}?
You feel better.
The orc wizard hits you but does no damage.
Something hits you but does no damage. The ice beast hits you.
* * * LOW HITPOINT WARNING * * *
The ice beast freezes you!
You die...

#........#..#.#
#.............#
#......###..##
#......# .##
######..## #
#...?...#
#.......#
#.......#
#......♣#
#......oY.o....
#.......o......
########!......
....... .......
..+#+## ..+


You could see an ice beast, an orc priest and 2 orc wizards.

Vanquished Creatures
  Menkaure (D:4)
  A kobold brigand (D:4)
  A necrophage (D:4)
  2 jellies (D:4)
  3 hounds
  4 orc priests (D:4)
  Jessica (D:2)
  3 iguanas (D:4)
  Terence (D:2)
  3 orc wizards
  Natasha (thrice) (D:2)
  5 adders
  An ufetubus (D:4)
  A worm (D:2)
  A dart slug (D:2)
  15 orcs
  12 endoplasms
  5 giant cockroaches
  4 goblins
  5 hobgoblins
  3 jackals (D:2)
  4 kobolds
  2 quokkas (D:1)
  6 ball pythons
  2 bats
  2 frilled lizards
  5 rats
96 creatures vanquished.

Vanquished Creatures (others)
  3 plants (D:4)
3 creatures vanquished.

Grand Total: 99 creatures vanquished

Notes
Turn   | Place    | Note
-------+----------+-------------------------------------------
     0 | D:1      | buhh the Octopode Transmuter began the quest for the Orb.
     0 | D:1      | Reached XP level 1. HP: 13/13 MP: 3/3
   154 | D:1      | Reached XP level 2. HP: 14/18 MP: 3/5
   678 | D:1      | Found Busem's Antique Weapon Emporium.
   705 | D:1      | Found a faded altar of an unknown god.
  1072 | D:1      | Reached XP level 3. HP: 23/23 MP: 4/6
  1466 | D:2      | Noticed Terence
  1558 | D:2      | Noticed Natasha
  1570 | D:2      | Killed Natasha
  1906 | D:2      | Noticed Natasha
  1911 | D:2      | Noticed Jessica
  1914 | D:2      | Killed Natasha
  1915 | D:2      | Reached XP level 4. HP: 13/29 MP: 7/7
  1919 | D:2      | Killed Jessica
  2139 | D:2      | You fall into a shaft and drop 1 floor!
  2151 | D:3      | Reached XP level 5. HP: 35/35 MP: 6/8
  2165 | D:3      | Found an ornate altar of the Wu Jian Council.
  2363 | D:2      | Noticed Natasha
  2369 | D:2      | Killed Natasha
  2675 | D:2      | Learned a level 3 spell: Spider Form
  2678 | D:2      | Learned a level 2 spell: Wereblood
  2714 | D:2      | Killed Terence
  3721 | D:3      | Reached XP level 6. HP: 42/42 MP: 7/9
  3959 | D:4      | Noticed Menkaure
  4244 | D:3      | Reached XP level 7. HP: 22/47 MP: 4/10
  4793 | D:4      | Killed Menkaure
  4794 | D:4      | Reached skill level 5 in Unarmed Combat
  4885 | D:4      | Found a staircase to the Ecumenical Temple.
  4896 | Temple   | Entered the Ecumenical Temple
  5299 | D:4      | Found a shadowy altar of Dithmenos.
  5359 | D:4      | Found a hide-covered altar of Uskayaw.
  5383 | D:4      | Reached skill level 5 in Dodging
  5413 | D:4      | Reached XP level 8. HP: 44/54 MP: 11/11
  5584 | D:5      | Entered Level 5 of the Dungeon
  5642 | D:5      | Reached skill level 5 in Fighting
  5681 | D:5      | Slain by an ice beast

Illustrated notes

Levels and vault maps discovered:
D:1:      dpeg_arrival_arbitrary_a, layout_basic, ebering_ecumenical_altar_webs,
          serial_shops, shop
D:2:      layout_basic, uniq_jessica, uniq_natasha, uniq_terence
D:3:      layout_rooms, nicolae_wu_jian_wuxing_cycle, grunt_ministairs_8
D:4:      layout_basic, nicolae_dithmenos_the_darkroom,
          mainiacjoe_overflow_cross_hatched, minmay_temple_entry_gardened_gates,
          uniq_menkaure
D:5:      layout_basic, minmay_misc_feat_diagonals, minmay_increasing_density
Temple:   compressed_dpeg_circular_temple

Skill      XL: |  1  2  3  4  5  6  7  8 |
---------------+-------------------------+-----
Stealth        | 1 2 |  2.0
Poison Magic   | 1 2 |  2.0
Fighting       | 2 3 4 5 |  5.0
Dodging        | 3 4 5 |  5.3
Unarmed Combat | 4 5 |  5.8
Spellcasting   | |  2.0
Transmutations | |  2.0

Action                   |  1- 3 |  4- 6 |  7- 9 || total
-------------------------+-------+-------+-------++-------
Melee: Unarmed           |    47 |   117 |    92 ||   256
       Tentacles         |     7 |    13 |     4 ||    24
       Constrict         |     5 |    16 |     6 ||    27
       Kick              |     9 |    14 |     2 ||    25
       Punch             |     1 |     2 |     3 ||     6
 Cast: Beastly Appendage |    14 |    15 |    10 ||    39
       Spider Form       |       |    10 |     9 ||    19
       Wereblood         |       |     3 |     1 ||     4
  Use: Potion            |     1 |     1 |     4 ||     6
       Scroll            |       |     2 |       ||     2
 Stab: Sleeping          |     4 |     1 |     1 ||     6
Armor: Skin              |     8 |     3 |    31 ||    42
Dodge: Dodged            |    14 |    87 |    60 ||   161

Table legend: (Time is in decaauts)
 A = Elapsed time spent in this place.
 B = Non-inter-level travel time spent in this place.
 C = Inter-level travel time spent in this place.
 D = Time resting spent in this place.
 E = Time spent auto-exploring this place.
 F = Levels seen in this place.
 G = Mean time per level.
                   A        B        C        D        E       F      G
               +--------+--------+--------+--------+--------+-----+--------+
         Total |   5679 |   5494 |    185 |   1107 |   3474 |   6 |  946.5 |
       Dungeon |   5594 |   5424 |    170 |   1107 |   3418 |   5 | 1118.8 |
        Temple |     84 |     69 |     15 |      0 |     56 |   1 |   84.0 |
               +--------+--------+--------+--------+--------+-----+--------+

Top non-repeatable levels by time:
     D:2: 1541 daAuts
     D:1: 1526 daAuts
     D:4: 1235 daAuts
     D:3: 1195 daAuts
     D:5: 95 daAuts
  Temple: 84 daAuts
